 Dungeon Crawl Stone Soup version 0.25-a0-306-g3faca94 (webtiles) character file.

Game seed: 11301769353552722148, levelgen mode: deterministic

1463 CanOfBees the Caller (level 8, -6/67 HPs)
             Began as a Black Draconian Summoner on Dec 21, 2019.
             Was a Priest of Okawaru.
             Mangled by an orc warrior
             ... wielding a +1 vampiric hand axe
              (11 damage)
             ... on level 6 of the Dungeon.
             The game lasted 00:13:24 (8375 turns).

CanOfBees the Caller (Black Draconian Summoner)     Turns: 8375, Time: 00:13:25

Health: -6/67      AC: 10    Str: 10    XL:     8   Next: 48%
Magic:  0/14       EV: 14    Int: 17    God:    Okawaru [***...]
Gold:   236        SH:  0    Dex: 13    Spells: 5/15 levels left

rFire    . . .     SeeInvis .   k - +0 halberd
rCold    . . .     Gourm    .   (shield currently unavailable)
rNeg     . . .     Faith    .   (armour unavailable)
rPois    .         Spirit   +   (helmet restricted)
rElec    +         Reflect  .   r - +2 cloak
rCorr    .         Harm     .   e - +0 pair of gloves
MR       .....                  (no boots)
Stlth    +++.......             f - amulet of guardian spirit
HPRegen  0.21/turn              B - ring of stealth
MPRegen  0.14/turn              (no ring)

@: short of breath
A: breathe lightning, unfitting armour, electricity resistance, cold-blooded, AC
+6
a: Breathe Lightning, Heroism, Renounce Religion


You were on level 6 of the Dungeon.
You worshipped Okawaru.
Okawaru was most pleased with you.
You were very hungry.

You visited 1 branch of the dungeon, and saw 6 of its levels.

You collected 236 gold pieces.

Inventory:

Hand Weapons
 k - a +0 halberd (weapon)
Missiles
 h - 187 stones (quivered)
 j - 41 sling bullets
 p - 126 arrows
 q - 22 bolts
 v - 9 poisoned darts
 D - 2 boomerangs
Armour
 e - a +0 pair of gloves (worn)
 r - a +2 cloak (worn)
Jewellery
 f - an amulet of guardian spirit (around neck)
 A - an uncursed ring of resist corrosion
 B - a ring of stealth (left hand)
Wands
 x - a wand of flame (7)
Scrolls
 a - 3 scrolls of fear
 c - 2 scrolls of immolation
 d - 2 scrolls of remove curse
 g - 4 scrolls of amnesia
 i - a scroll of magic mapping {unknown}
 m - a scroll of enchant weapon {unknown}
 o - a scroll of enchant armour {unknown}
 u - 2 scrolls of teleportation {unknown}
 y - a scroll of blinking {unknown}
 z - a scroll of noise {unknown}
Potions
 l - a potion of agility
 n - a potion of heal wounds
 t - a potion of degeneration {unknown}
 w - a potion of lignification {unknown}
 C - 3 potions of flight
Comestibles
 b - 13 rations


   Skills:
 + Level 4.6 Fighting
 - Level 3.0 Polearms
 - Level 4.0 Dodging
 - Level 1.7 Stealth
 + Level 4.4 Spellcasting
 * Level 7.5 Summonings
 + Level 2.1 Air Magic


You had 5 spell levels left.
You knew the following spells:

 Your Spells              Type           Power        Failure   Level  Hunger
a - Summon Small Mammal   Summ           ####         1%          1    None
b - Call Imp              Summ           ####....     1%          2    ##.....
c - Call Canine Familiar  Summ           ####....     1%          3    ###....
d - Summon Lightning Spi  Summ/Air       ###.....     21%         4    ####...

Your spell library contained the following spells:

 Spells                   Type           Power        Failure   Level  Hunger
 Summon Guardian Golem    Hex/Summ       ###.....     10%         3    ###....
 Magic Dart               Conj           #...         16%         1    None
 Blink                    Tloc           N/A          22%         2    ##.....
 Slow                     Hex            #.......     22%         2    ##.....
 Summon Ice Beast         Ice/Summ       ###.....     32%         4    ####...
 Mephitic Cloud           Conj/Pois/Air  #.......     34%         3    ###....
 Conjure Flame            Conj/Fire      #.......     41%         3    ###....


Dungeon Overview and Level Annotations

Branches:
Dungeon (6/15)             Temple (0/1) D:5

Altars:
Ashenzari
Elyvilon
Makhleb
Okawaru
Trog
Uskayaw
Wu Jian
Yredelemnul

Shops:
D:5 =

Annotations:
D:3 3 runed translucent doors, KappaVara's ghost, amateur MiFi
D:6 3 runed translucent doors, Matchingsocks's ghost, amateur MfFi


Innate Abilities, Weirdness & Mutations

You can breathe wild blasts of lightning.
Your glossy black scales are hard. (AC +6)
You cannot fit into any form of body armour.
You are resistant to electric shocks. (rElec)
You are cold-blooded and may be slowed by cold attacks.


Message History

The orc warrior hits you with a +1 vampiric hand axe! x2
* * * LOW HITPOINT WARNING * * *
You barely miss the orc warrior.
The orc warrior is almost dead.
The orc warrior hits you with a +1 vampiric hand axe!
* * * LOW HITPOINT WARNING * * *
The orc warrior draws strength from your wounds!
You barely miss the orc warrior.
You tail-slap the orc warrior, but do no damage.
The orc warrior is severely wounded.
The orc warrior hits you with a +1 vampiric hand axe!
* * * LOW HITPOINT WARNING * * *
Evoke which item? (* to show all) (? for menu, Esc to quit)
Aiming: Throw Flame
Press: ? - help, Shift-Dir - straight line, f - orc warrior
Aim: an orc warrior, wielding a +1 vampiric hand axe, wearing a +0 plate armour and wearing a cursed +4 ring of slaying (severely wounded)
The puff of flame hits the orc warrior but does no damage.
The orc warrior is severely wounded.
The orc warrior hits you with a +1 vampiric hand axe!
You die...

..........## .......
..##.##...o######.......
#. #...###...##...# ###.
#.).)[)### . #. #†###.##
#...###.###..##
#........)...#
...###+++####o#
#....ZWZ##@###
##...ZZ###..<# #.......
###.# ##..([.## #.#
#[.#.#.. #.. #########
##.# .. ... ###


You could see an orc warrior.

Vanquished Creatures
  A phantom (D:3)
  4 ogres
  Blork the orc (D:5)
  3 bullfrogs (D:6)
  2 crimson imps
  A bullfrog zombie (D:6)
  3 hounds
  3 orc wizards
  A worker ant (D:4)
  A hound skeleton (D:5)
  A worker ant zombie (D:5)
  3 gnolls (D:5)
  3 howler monkey skeletons
  3 adders
  An ooze (D:2)
  2 dart slugs
  2 leopard geckos
  15 orcs
  4 bats
  8 goblins
  12 hobgoblins
  3 jackals (D:6)
  3 quokkas
  4 frilled lizards
  6 kobolds
  A leopard gecko skeleton (D:6)
  10 rats
101 creatures vanquished.

Vanquished Creatures (collateral kills)
  Eustachio (D:4)
  An ogre (D:5)
  2 centaurs (D:5)
  2 hounds (D:5)
  A worker ant (D:4)
  A gnoll (D:1)
  An adder (D:4)
  2 orcs (D:4)
  6 bats
  2 goblins
  2 jackals (D:1)
  4 rats
25 creatures vanquished.

Grand Total: 126 creatures vanquished

Notes
Turn   | Place    | Note
-------+----------+-------------------------------------------
     0 | D:1      | CanOfBees the Draconian Summoner began the quest for the
                  | Orb.
     0 | D:1      | Reached XP level 1. HP: 14/14 MP: 3/3
   804 | D:1      | Reached XP level 2. HP: 17/22 MP: 1/5
   816 | D:1      | Learned a level 2 spell: Call Imp
  1305 | D:1      | Reached skill level 1 in Fighting
  2064 | D:2      | Reached XP level 3. HP: 27/28 MP: 6/6
  2453 | D:2      | Found a hide-covered altar of Uskayaw.
  3216 | D:3      | Noticed a phantom
  3289 | D:3      | Killed a phantom
  3289 | D:3      | Reached skill level 1 in Polearms
  3289 | D:3      | Reached XP level 4. HP: 16/36 MP: 1/7
  3289 | D:3      | Reached XP level 5. HP: 18/41 MP: 1/8
  3480 | D:3      | Noticed KappaVara's ghost (amateur MiFi)
  3502 | D:3      | Found a runed translucent gate.
  3502 | D:3      | Found a runed translucent gate.
  3502 | D:3      | Found a runed translucent gate.
  3556 | D:3      | Reached skill level 5 in Summonings
  4138 | D:3      | Learned a level 3 spell: Call Canine Familiar
  4345 | D:4      | Found an iron altar of Okawaru.
  4515 | D:4      | Became a worshipper of Warmaster Okawaru
  4626 | D:4      | Reached XP level 6. HP: 50/50 MP: 10/10
  4844 | D:4      | Found a shattered altar of Ashenzari.
  4852 | D:4      | Found a burning altar of Makhleb.
  4852 | D:4      | Found a bloodstained altar of Trog.
  4852 | D:4      | Found an ornate altar of the Wu Jian Council.
  4853 | D:4      | Found a white marble altar of Elyvilon.
  4856 | D:4      | Found a basalt altar of Yredelemnul.
  4966 | D:4      | Noticed Eustachio
  4995 | D:4      | Killed Eustachio
  5414 | D:5      | Entered Level 5 of the Dungeon
  6293 | D:5      | Reached * piety under Okawaru
  6293 | D:5      | Your scales start taking on a glossy black colour.
  6293 | D:5      | Reached XP level 7. HP: 15/57 MP: 2/11
  6293 | D:5      | Gained mutation: You are resistant to electric shocks.
                  | (rElec) [Black Draconian growth]
  6295 | D:5      | Reached skill level 6 in Summonings
  6639 | D:5      | Found a staircase to the Ecumenical Temple.
  6842 | D:5      | Reached ** piety under Okawaru
  7024 | D:5      | Found Coshy's Jewellery Emporium.
  7254 | D:5      | Noticed Blork the orc
  7269 | D:5      | Killed Blork the orc
  7269 | D:5      | Reached XP level 8. HP: 50/66 MP: 11/14
  7401 | D:5      | Learned a level 4 spell: Summon Lightning Spire
  7654 | D:6      | Found a runed translucent gate.
  7654 | D:6      | Found a runed translucent gate.
  7654 | D:6      | Found a runed translucent gate.
  7655 | D:6      | Noticed Matchingsocks's ghost (amateur MfFi)
  7686 | D:6      | Reached skill level 7 in Summonings
  7697 | D:6      | Reached skill level 1 in Air Magic
  8013 | D:6      | Identified the +1 ring mail of the Disturbing Princes {rC+
                  | MR+ Slay+3}
  8189 | D:6      | Reached *** piety under Okawaru
  8375 | D:6      | Mangled by an orc warrior

Levels and vault maps discovered:
D:1:      sevenhm_arrival_forest_fort_large_4, layout_basic, minmay_pentomino_r2
D:2:      layout_basic, lemuel_crystal_altar, minmay_tripent
D:3:      layout_loops_ring, gammafunk_ghost_icy, minmay_bisected
D:4:      layout_rooms, minitemple, okawaru_altar_gauntlet_db, uniq_eustachio
D:5:      cheibrodos_barr_body, layout_rooms, minmay_temple_entry_sparse_star,
          first_ration, minmay_shop_enchanted_jewellery, uniq_blork_the_orc
D:6:      layout_rooms, gammafunk_ghost_necromancy, minmay_increasing_density

Skill      XL: |  1  2  3  4  5  6  7  8 |
---------------+-------------------------+-----
Dodging        | 2 3 4 |  4.0
Fighting       | 1 2 3 4 |  4.6
Polearms       | 1 2 3 |  3.0
Summonings     | 5 6 7 |  7.5
Spellcasting   | 3 4 |  4.4
Air Magic      | 2 |  2.1
Stealth        | |  1.7

Action                   |  1- 3 |  4- 6 |  7- 9 || total
-------------------------+-------+-------+-------++-------
Melee: Unarmed           |    78 |       |       ||    78
       Tailslap          |    13 |    15 |    21 ||    49
       Halberd           |   133 |   139 |   149 ||   421
Throw: Dart              |       |    29 |     5 ||    34
       Stone             |       |       |     8 ||     8
 Cast: Summon Small Mamm |    19 |       |       ||    19
       Call Imp          |    13 |     8 |     3 ||    24
       Call Canine Famil |       |     5 |     3 ||     8
 Abil: Breathe Lightning |       |       |    15 ||    15
Evoke: Wand              |       |     2 |     2 ||     4
  Use: Scroll            |     7 |     1 |     4 ||    12
       Potion            |       |     6 |       ||     6
 Stab: Sleeping          |     3 |     5 |       ||     8
       Distracted        |       |       |     1 ||     1
  Eat: Chunk             |     8 |    11 |     9 ||    28
Armor: Skin              |   117 |    86 |    72 ||   275
Dodge: Dodged            |   225 |   189 |   161 ||   575

Table legend:
 A = Non-vault XP
 B = Vault XP
 C = Vault XP percentage of total XP
 D = Non-vault monster count
 E = Vault monster count
 F = Vault count percentage of total count
                 A         B        C        D         E       F
            +---------+---------+-------+---------+---------+-------
      Total |    1243 |     848 |  40.6 |     102 |      24 |  19.0
            +---------+---------+-------+---------+---------+-------
        D:1 |      38 |       3 |   7.3 |      22 |       2 |   8.3
        D:2 |      27 |       3 |  10.0 |      13 |       2 |  13.3
        D:3 |     210 |      13 |   5.8 |      28 |       1 |   3.4
        D:4 |      95 |     295 |  75.6 |       8 |      10 |  55.6
        D:5 |     411 |     431 |  51.2 |      15 |       7 |  31.8
        D:6 |     462 |     103 |  18.2 |      16 |       2 |  11.1
            +---------+---------+-------+---------+---------+-------
